 Dungeon Crawl Stone Soup version 0.21.1-1-g345015f (webtiles) character file.

24 Iko the Magician (level 2, 0/22 HPs)
             Began as a Mummy Wanderer on June 8, 2018.
             Slain by a goblin
             ... wielding a +0 dagger
              (2 damage)
             ... on level 3 of the Dungeon.
             The game lasted 00:06:40 (286 turns).

Iko the Magician (Mummy Wanderer)                    Turns: 286, Time: 00:06:41

Health: 0/22       AC:  8    Str: 16    XL:     2   Next: 79%
Magic:  5/5        EV:  9    Int: 10    God:
Gold:   19         SH:  0    Dex: 11    Spells: 6/6 levels left

rFire    x . .     SeeInvis .   g - +0 fustibalus
rCold    + . .     Gourm    .   (no shield)
rNeg     + + +     Faith    .   a - +2 scale mail
rPois    ∞         Spirit   .   (no helmet)
rElec    .         Reflect  .   (no cloak)
rCorr    .         Harm     .   (no gloves)
MR       .....                  (no boots)
Stlth    ..........             (no amulet)
HPRegen  0.07/turn              (no ring)
MPRegen  0.09/turn              (no ring)

@: no status effects
A: no food or potions, fire vulnerability, cold resistance 1, negative energy
resistance 3, torment resistance, unbreathing
a: no special abilities


You were on level 3 of the Dungeon.
You were not hungry.

You visited 1 branch of the dungeon, and saw 3 of its levels.

You collected 19 gold pieces.

Inventory:

Hand Weapons
 b - a +0 shortbow
 e - a +3 hunting sling
 g - a +0 fustibalus (weapon)
Missiles
 c - 20 arrows
 f - 14 stones (quivered)
Armour
 a - a +2 scale mail (worn)
Books
 d - Waoracu's Incunabulum of the Voyage

   Spells                             Type                      Level
   a - Shroud of Golubria             Charms/Translocation         2
   b - Blink                          Translocation                2


   Skills:
 + Level 2.2 Fighting
 + Level 1.2(1.7) Slings
 + Level 1.1 Bows
 + Level 1.7(2.0) Throwing
 + Level 1.7 Armour
 + Level 2.8 Spellcasting
   Level 1.0 Translocations


You had 6 spell levels left.
You didn't know any spells.

Dungeon Overview and Level Annotations

Branches:
Dungeon (3/15)

Altars:


Innate Abilities, Weirdness & Mutations

You do not eat or drink.
Your flesh is vulnerable to fire.
You are immune to poison.
Your flesh is cold resistant. (rC+)
You are immune to negative energy. (rN+++)
You are immune to unholy pain and torment.
You can survive without breathing.


Message History

The hobgoblin hits you but does no damage.
The goblin hits you but does no damage.
You clumsily bash the hobgoblin but do no damage.
The goblin hits you but does no damage. The goblin hits you with a dagger.
* * * LOW HITPOINT WARNING * * *
The hobgoblin hits you but does no damage.
The goblin hits you but does no damage.
You swing at nothing.
The goblin hits you but does no damage. The hobgoblin barely misses you.
The goblin barely misses you. The goblin hits you but does no damage.
The hobgoblin completely misses you.
You swing at nothing.
The goblin hits you but does no damage. The goblin barely misses you.
The hobgoblin hits you but does no damage.
The goblin hits you with a dagger.
* * * LOW HITPOINT WARNING * * *
You swing at nothing.
The goblin hits you but does no damage. The hobgoblin barely misses you.
The goblin hits you but does no damage. x2
You swing at nothing.
The goblin hits you but does no damage. The hobgoblin closely misses you.
The goblin hits you with a dagger.
You die...

# .. . #. #.
#. .(.##.#####
........# #
#.gg..#
##.##(g@..#
..........#
.#.##..†..#
#.#.### #.#.#
>####.#.#
........######
(......†.....#
..####.......#


You could see a hobgoblin and 2 goblins.

Vanquished Creatures
  A dart slug (D:1)
  A leopard gecko (D:3)
  A bat (D:2)
  2 goblins
  2 hobgoblins (D:1)
  5 jackals
  2 kobolds (D:1)
  A frilled lizard (D:3)
  3 rats
18 creatures vanquished.

Notes
Turn   | Place    | Note
-------+----------+-------------------------------------------
     0 | D:1      | Iko the Mummy Wanderer began the quest for the Orb.
     0 | D:1      | Iko set off with: a +2 scale mail, a +0 shortbow, 20 arrows, Waoracu's Incunabulum of the Voyage
     0 | D:1      | Reached XP level 1. HP: 16/16 MP: 4/4
    89 | D:1      | Reached XP level 2. HP: 14/22 MP: 5/5
   203 | D:3      | Reached skill level 1 in Slings
   284 | D:3      | HP: 1/22 [goblin/dagger (1)]
   286 | D:3      | Slain by a goblin

Skill      XL: |  1  2 |
---------------+-------+-----
Slings         | 1 |  1.2
Fighting       | |  2.2
Bows           | |  1.1
Throwing       | |  1.7
Armour         | |  1.7
Spellcasting   | |  2.8
Translocations | |  1.0

Action                   || total
-------------------------++-------
Melee: Fustibalus        ||    15
 Fire: Hunting sling     ||    51
       Shortbow          ||     3
       Fustibalus        ||     2
Armor: Scale mail        ||    38
Dodge: Dodged            ||    41
